 Dungeon Crawl Stone Soup version 0.32-a0-768-g0f6f1dd4b9 (webtiles) character file.

Game seed: 13837624259144739899

47 PriceMaster the Grave Robber (level 3, -5/24 HPs)
             Began as a Demonspawn Necromancer on Mar 18, 2024.
             Slain by a ribbon worm (7 damage)
             ... on level 2 of the Dungeon.
             The game lasted 00:03:25 (2137 turns).

PriceMaster the Grave Robber (DsNe)                 Turns: 2137, Time: 00:03:26

Health: -5/24      AC:  2    Str:  5 (8)  XL:     3   Next: 48%
Magic:  0/6        EV: 11    Int: 15 (17) God:
Gold:   104        SH:  4    Dex: 10 (13) Spells: 3/7 levels left

rFire   . . .        k - +0 club
rCold   . . .        (no shield)
rNeg    . . .        a - +0 robe
rPois   .            (helmet restricted)
rElec   .            (no cloak)
rCorr   .            (no gloves)
SInv    .            (no boots)
Will    .....        (no amulet)
Stlth   ++           (no ring)
HPRegen 0.24/turn    (no ring)
MPRegen 0.10/turn

%: no passive effects
@: brilliant
A: antennae 1, large bone plates 1
a: no special abilities


You were on level 2 of the Dungeon.
You visited 1 branch of the dungeon, and saw 2 of its levels.

You collected 104 gold pieces.

Inventory:

Hand Weapons
 k - a +0 club (weapon)
Armour
 a - a +0 robe (worn)
Scrolls
 c - a scroll of vulnerability {unknown}
 d - a scroll of fear {unknown}
 e - a scroll of identify {unknown}
 g - a scroll of summoning {unknown}
 h - 2 scrolls of immolation {unknown}
Potions
 f - a potion of attraction


   Skills:
 + Level 1.9 Dodging
 + Level 1.9 Stealth
 + Level 2.5 Spellcasting
 + Level 5.3 Necromancy


You had 3 spell levels left.
You knew the following spells:

 Your Spells              Type           Power      Damage    Failure   Level
a - Necrotise             Necr           100%       1d9       2%          1
b - Fugue of the Fallen   Necr           26%        N/A       7%          3

Your spell library contained the following spells:

 Spells                   Type           Power      Damage    Failure   Level
 Vampiric Draining        Necr           26%        2d7       7%          3
 Ensorcelled Hibernation  Hex/Ice        4%         N/A       32%         2
 Mercury Vapours          Alch/Air       4%         N/A       32%         2
 Mephitic Cloud           Conj/Alch/Air  2%         N/A       54%         3
 Animate Dead             Necr           26%        N/A       24%         4
 Curse of Agony           Necr           26%        N/A       54%         5
 Anguish                  Hex/Necr       7%         N/A       56%         4
 Freezing Cloud           Conj/Ice/Air   1%         6-21      99%         5


Dungeon Overview and Level Annotations

Branches:
Dungeon (2/15)

Altars:


Innate Abilities, Weirdness & Mutations

You have a pair of small antennae on your head.
You are partially covered in large bone plates. (SH +4)


Message History

The ribbon worm expels a string of sticky webbing.
The stream of webbing hits you but does no damage.
You are caught in a web!
Casting: Necrotise (safe; 2% risk of failure)
Confirm with . or Enter, or press ? or * to list all spells.
Aiming: Necrotise (safe; 2% risk of failure)
Press: ? - help, Shift-Dir - straight line, f/p - ribbon worm
Aim: a ribbon worm (heavily wounded, chance to affect: 88%)
You feel a surge of power!
The ribbon worm barely resists.
The ribbon worm bites you but does no damage.
The web tears apart.
The ribbon worm expels a string of sticky webbing.
The stream of webbing hits you but does no damage.
You are caught in a web!
You struggle to detach yourself from the web.
The ribbon worm bites you.
You struggle to detach yourself from the web.
The ribbon worm bites you!
* * * LOW HITPOINT WARNING * * *
The web tears apart.
Casting: Necrotise (safe; 2% risk of failure)
Confirm with . or Enter, or press ? or * to list all spells.
Aiming: Necrotise (safe; 2% risk of failure)
Press: ? - help, Shift-Dir - straight line, f/p - ribbon worm
Aim: a ribbon worm (moderately wounded, catching its breath, chance to affect: 88%)
You feel a surge of power!
The ribbon worm writhes in agony.
The ribbon worm bites you but does no damage.
Unknown command.
You hit the ribbon worm.
The ribbon worm is severely wounded.
The ribbon worm bites you.
* * * LOW HITPOINT WARNING * * *
Casting: Necrotise (safe; 2% risk of failure)
Confirm with . or Enter, or press ? or * to list all spells.
You don't have enough magic to cast this spell.
Unknown command.
You hit the ribbon worm but do no damage.
The ribbon worm is heavily wounded.
The ribbon worm bites you!
You die...

####### #.....#
#########.###'########
#....@w....#≈.≈≈≈≈≈§≈§
#.##########≈§.§.§....
#.# #...#§§≈≈≈§≈≈≈§ #.#
#.#.#≈.≈......≈
#.######.#.#≈.≈.≈≈≈≈.≈
####..........#≈.≈.§⌠[≈.§
#.....####.##.#§.§.≈≈.§.≈
#.##..###...#.#≈.≈....≈.≈
######
#.##..##.#.#.##§§§≈≈≈≈≈.≈


You could see a ribbon worm.

Vanquished Creatures
  A dart slug (D:2)
  4 ball pythons
  4 endoplasms (D:2)
  A giant cockroach (D:2)
  5 goblins
  5 hobgoblins
  2 jackals (D:2)
  2 kobolds (D:1)
  5 bats (D:1)
  5 rats
34 creatures vanquished.

Vanquished Creatures (collateral kills)
  2 endoplasms (D:1)
  A goblin (D:1)
  A hobgoblin (D:2)
  A frilled lizard (D:1)
5 creatures vanquished.

Grand Total: 39 creatures vanquished

Notes
Turn   | Place    | Note
-------+----------+-------------------------------------------
     0 | D:1      | PriceMaster the Demonspawn Necromancer began the quest for
                  | the Orb.
     0 | D:1      | Reached XP level 1. HP: 13/13 MP: 3/3
   122 | D:1      | Gained mutation: You have a pair of small antennae on your
                  | head. [demonic ancestry]
   122 | D:1      | Reached XP level 2. HP: 19/19 MP: 1/5
   240 | D:1      | Reached skill level 5 in Necromancy
   625 | D:1      | Found a faded altar of an unknown god.
  1096 | D:2      | Gained mutation: You are partially covered in large bone
                  | plates. (SH +4) [demonic ancestry]
  1096 | D:2      | Reached XP level 3. HP: 24/24 MP: 1/6
  1100 | D:2      | Learned a level 3 spell: Fugue of the Fallen
  2137 | D:2      | Slain by a ribbon worm

Illustrated notes

Levels and vault maps discovered:
D:1:      ncdulo_halloftheorcs, layout_basic, basic_ecumenical_altar,
          chequers_decorated_corner, nicolae_the_louvre
D:2:      layout_loops_ring, kennysheep_small_spiral, minmay_misc_feat_roman,
          serial_bayou_crossing

Skill      XL: |  1  2 |
---------------+-------+-----
Necromancy     | 5 |  5.3
Dodging        | |  1.9
Stealth        | |  1.9
Spellcasting   | |  2.5

Action                     || total
---------------------------++-------
  Melee: Unarmed           ||    11
         Club              ||    38
   Cast: Necrotise         ||    73
         Fugue of the Fall ||     1
    Use: Potion            ||     6
 Armour: Robe              ||    42
  Dodge: Dodged            ||    44
  Block: Other             ||    14

Table legend: (Time is in decaauts)
 A = Elapsed time spent in this place.
 B = Non-inter-level travel time spent in this place.
 C = Inter-level travel time spent in this place.
 D = Time resting spent in this place.
 E = Time spent auto-exploring this place.
 F = Levels seen in this place.
 G = Mean time per level.
                   A        B        C        D        E       F      G
               +--------+--------+--------+--------+--------+-----+--------+
         Total |   2153 |   2132 |     21 |    228 |   1564 |   2 | 1076.5 |
       Dungeon |   2153 |   2132 |     21 |    228 |   1564 |   2 | 1076.5 |
               +--------+--------+--------+--------+--------+-----+--------+

Top non-repeatable levels by time:
     D:1: 1082 daAuts
     D:2: 1071 daAuts
